| TOP OF THE 1ST |
|
Mahoning Valley Scrappers batting - Pitching for Aberdeen Ironbirds : LHP Luis Perez
|
|
Pitching: LHP Luis Perez
|
|
|
Batting: RHB Kenzo Shinoda
|
0-0: Called Strike 0-1: Swinging Strike 0-2: Ground out 6-3 (Groundball, 6, EV 85.0 MPH)
|
|
Batting: RHB John Bianconi
|
0-0: Called Strike 0-1: Ball 1-1: Ball 2-1: Fly out, F8 (Flyball, 8RD, EV 95.0 MPH)
|
|
Batting: RHB Andy Lewis
|
0-0: Ball 1-0: Foul Ball, location: 2F 1-1: Ball 2-1: Foul Ball, location: 2F 2-2: Strikes out swinging
|
| Top of the 1st over - 0 runs, 0 hits, 0 errors, 0 left on base; Mahoning Valley 0 - Aberdeen 0 |
| BOTTOM OF THE 1ST |
|
Aberdeen Ironbirds batting - Pitching for Mahoning Valley Scrappers : LHP Jordan Leon
|
|
Pitching: LHP Jordan Leon
|
|
|
Batting: RHB Tony Godley
|
0-0: Ball 1-0: Ball 2-0: Ball 3-0: Base on Balls
|
|
Batting: RHB Ben Sutton
|
0-0: Called Strike Tony Godley is caught stealing 2nd base 2-4 0-1: Foul Ball, location: 2F 0-2: Ball 1-2: DOUBLE (Line Drive, 8RD, EV 113.8 MPH)
|
|
Batting: RHB Daniel Jackson
|
0-0: Ball 1-0: Called Strike 1-1: Foul Ball, location: 2F 1-2: Ball 2-2: Ball 3-2: Hit by Pitch
|
|
Batting: RHB Matt O'Dea
|
0-0: Ball 1-0: Ball 2-0: SINGLE (Groundball, 6MD, EV 95.0 MPH) Ben Sutton to third Daniel Jackson to second Runner from 3rd tries for Home, SAFE, throw by CF to home
|
|
Batting: RHB Dave Perron
|
0-0: Swinging Strike 0-1: Ball 1-1: Foul Ball, location: 2F 1-2: Foul Ball, location: 2F 1-2: Ball 2-2: Ball 3-2: DOUBLE (Line Drive, 78D, EV 105.6 MPH) Daniel Jackson scores Matt O'Dea to third
|
|
Batting: RHB Danny Baeza
|
0-0: Ball 1-0: Called Strike 1-1: Foul Ball, location: 2F 1-2: Fly out, F3 (Popup, 23F, EV 81.2 MPH)
|
|
Batting: RHB Ray Sims
|
0-0: Swinging Strike 0-1: Ball 1-1: Ball 2-1: Foul Ball, location: 2F 2-2: Foul Ball, location: 2F 2-2: Foul Ball, location: 2F 2-2: Foul Ball, location: 2F 2-2: Ball 3-2: Foul Ball, location: 2F 3-2: Base on Balls
|
|
Batting: RHB Luis Tovar
|
0-0: Foul Ball, location: 2F 0-1: Fly out, F8 (Flyball, 8RM, EV 85.0 MPH)
|
| Bottom of the 1st over - 2 runs, 3 hits, 0 errors, 3 left on base; Mahoning Valley 0 - Aberdeen 2 |
| TOP OF THE 2ND |
|
Mahoning Valley Scrappers batting - Pitching for Aberdeen Ironbirds : LHP Luis Perez
|
|
Batting: LHB Jeff Palmowski
|
0-0: Ball 1-0: Called Strike 1-1: Ball 2-1: Swinging Strike 2-2: Strikes out swinging
|
|
Batting: RHB Ricky Cordova
|
0-0: Foul Ball, location: 2F 0-1: Ground out 6-3 (Groundball, 56, EV 90.0 MPH)
|
|
Batting: SHB Travis Burnett
|
0-0: Called Strike 0-1: Ball 1-1: Foul Ball, location: 2F 1-2: Strikes out swinging
|
| Top of the 2nd over - 0 runs, 0 hits, 0 errors, 0 left on base; Mahoning Valley 0 - Aberdeen 2 |
| BOTTOM OF THE 2ND |
|
Aberdeen Ironbirds batting - Pitching for Mahoning Valley Scrappers : LHP Jordan Leon
|
|
Batting: RHB Matt Berrier
|
0-0: Foul Ball, location: 2F 0-1: Ball 1-1: Ball 2-1: Called Strike 2-2: Ball 3-2: Base on Balls
|
|
Batting: RHB Tony Godley
|
0-0: Ball 1-0: Ball 2-0: Fielders Choice at 2nd, 4-6 (Groundball, 4, EV 91.9 MPH)
|
|
Batting: RHB Ben Sutton
|
0-0: Called Strike 0-1: Called Strike 0-2: Ball 1-2: Ground out 4-3 (Groundball, 34, EV 98.1 MPH) Tony Godley to second
|
|
Batting: RHB Daniel Jackson
|
0-0: Swinging Strike 0-1: Ball 1-1: Ball 2-1: Ball 3-1: Foul Ball, location: 2F 3-2: Strikes out swinging
|
| Bottom of the 2nd over - 0 runs, 0 hits, 0 errors, 1 left on base; Mahoning Valley 0 - Aberdeen 2 |
| TOP OF THE 3RD |
|
Mahoning Valley Scrappers batting - Pitching for Aberdeen Ironbirds : LHP Luis Perez
|
|
Batting: RHB Luis Roman
|
0-0: Ground out 4-3 (Groundball, 4, EV 91.9 MPH)
|
|
Batting: RHB Anibal Casteles
|
0-0: Ball 1-0: Called Strike 1-1: Foul Ball, location: 2F 1-2: Foul Ball, location: 2F 1-2: Ball 2-2: Strikes out looking
|
|
Batting: LHB Esteban Cordova
|
0-0: Foul Ball, location: 2F 0-1: Called Strike 0-2: Ball 1-2: Strikes out looking
|
| Top of the 3rd over - 0 runs, 0 hits, 0 errors, 0 left on base; Mahoning Valley 0 - Aberdeen 2 |
| BOTTOM OF THE 3RD |
|
Aberdeen Ironbirds batting - Pitching for Mahoning Valley Scrappers : LHP Jordan Leon
|
|
Batting: RHB Matt O'Dea
|
0-0: Called Strike 0-1: Foul Ball, location: 2F 0-2: Ball 1-2: Fly out, F8 (Flyball, 8LD, EV 92.5 MPH)
|
|
Batting: RHB Dave Perron
|
0-0: Ball 1-0: Reached via error on a dropped throw from 1B, E1 (Groundball, 34, EV 80.6 MPH)
|
|
Batting: RHB Danny Baeza
|
0-0: Called Strike 0-1: Ball 1-1: Ball 2-1: Ground out 4-3 (Groundball, 34S, EV 88.1 MPH) Dave Perron to second
|
|
Batting: RHB Ray Sims
|
0-0: Called Strike 0-1: Ball 1-1: Ball 2-1: Ball 3-1: Ground out 5-3 (Groundball, 56S, EV 86.9 MPH)
|
| Bottom of the 3rd over - 0 runs, 0 hits, 1 error, 1 left on base; Mahoning Valley 0 - Aberdeen 2 |
| TOP OF THE 4TH |
|
Mahoning Valley Scrappers batting - Pitching for Aberdeen Ironbirds : LHP Luis Perez
|
|
Batting: RHB Kenzo Shinoda
|
0-0: Fly out, F7 (Line Drive, 7, EV 89.4 MPH)
|
|
Batting: RHB John Bianconi
|
0-0: Called Strike 0-1: Ball 1-1: SINGLE (Line Drive, 5D, EV 95.0 MPH)
|
|
Batting: RHB Andy Lewis
|
0-0: Called Strike 0-1: Fly out, F9 (Flyball, 9, EV 95.0 MPH)
|
|
Batting: LHB Jeff Palmowski
|
0-0: Foul Ball, location: 2F 0-1: Foul Ball, location: 2F 0-2: Ball 1-2: Strikes out swinging
|
| Top of the 4th over - 0 runs, 1 hit, 0 errors, 1 left on base; Mahoning Valley 0 - Aberdeen 2 |
| BOTTOM OF THE 4TH |
|
Aberdeen Ironbirds batting - Pitching for Mahoning Valley Scrappers : LHP Jordan Leon
|
|
Batting: RHB Luis Tovar
|
0-0: Ball 1-0: Called Strike 1-1: Ball 2-1: Ball 3-1: Ground out 2-3 (Groundball, 13S, EV 76.9 MPH)
|
|
DELAY
|
Rain delay of 19 minutes in the 4th inning.
|
|
Pitching: RHP Ian Nordquist
|
|
|
Batting: RHB Matt Berrier
|
0-0: Ball 1-0: Called Strike 1-1: Foul Ball, location: 2F 1-2: Foul Ball, location: 2F 1-2: Ball 2-2: Ball 3-2: Foul Ball, location: 2F 3-2: Strikes out swinging
|
|
Batting: RHB Tony Godley
|
0-0: SINGLE (Line Drive, 9S, EV 88.8 MPH)
|
|
Batting: RHB Ben Sutton
|
0-0: Called Strike Tony Godley steals 2nd, throwing error, E2 Tony Godley to third 0-1: Ball 1-1: Foul Ball, location: 2F 1-2: Foul Ball, location: 2F 1-2: Foul Ball, location: 2F 1-2: Ball 2-2: Ground out 6-3 (Groundball, 6M, EV 89.4 MPH)
|
| Bottom of the 4th over - 0 runs, 1 hit, 1 error, 1 left on base; Mahoning Valley 0 - Aberdeen 2 |
| TOP OF THE 5TH |
|
Mahoning Valley Scrappers batting - Pitching for Aberdeen Ironbirds : LHP Luis Perez
|
|
Batting: RHB Ricky Cordova
|
0-0: Called Strike 0-1: Foul Ball, location: 2F 0-2: Foul Ball, location: 2F 0-2: Ball 1-2: Strikes out swinging
|
|
Batting: SHB Travis Burnett
|
0-0: Called Strike 0-1: Ball 1-1: Ball 2-1: Foul Ball, location: 2F 2-2: Strikes out swinging
|
|
Batting: RHB Luis Roman
|
0-0: Called Strike 0-1: Called Strike 0-2: Ball 1-2: Ball 2-2: Strikes out swinging
|
| Top of the 5th over - 0 runs, 0 hits, 0 errors, 0 left on base; Mahoning Valley 0 - Aberdeen 2 |
| BOTTOM OF THE 5TH |
|
Aberdeen Ironbirds batting - Pitching for Mahoning Valley Scrappers : RHP Ian Nordquist
|
|
Batting: RHB Daniel Jackson
|
0-0: Called Strike 0-1: Ball 1-1: Called Strike 1-2: Ball 2-2: Ball 3-2: Base on Balls
|
|
Pitching: RHP Bill Snyder
|
|
|
Batting: RHB Matt O'Dea
|
0-0: SINGLE (Line Drive, 9S, EV 99.4 MPH) Daniel Jackson to second Runner from 2nd tries for 3rd, SAFE, throw by RF made to third
|
|
Batting: RHB Dave Perron
|
0-0: Ball 1-0: Ball 2-0: Called Strike 2-1: Fly out, F9 (Flyball, 89M, EV 90.6 MPH) Runner from 3rd tags up, SCORES, throw by RF
|
|
Batting: RHB Danny Baeza
|
0-0: Ball 1-0: Foul Ball, location: 2F 1-1: Foul Ball, location: 2F 1-2: SINGLE (Groundball, 56D, EV 95.0 MPH) Matt O'Dea to second
|
|
Batting: RHB Ray Sims
|
0-0: Foul Ball, location: 2F 0-1: Grounds into double play, 6-4-3 (Groundball, 6M, EV 85.6 MPH)
|
| Bottom of the 5th over - 1 run, 2 hits, 0 errors, 1 left on base; Mahoning Valley 0 - Aberdeen 3 |
| TOP OF THE 6TH |
|
Mahoning Valley Scrappers batting - Pitching for Aberdeen Ironbirds : LHP Luis Perez
|
|
Batting: RHB Anibal Casteles
|
0-0: Ball 1-0: Foul Ball, location: 2F 1-1: Swinging Strike 1-2: Strikes out swinging
|
|
Batting: LHB Esteban Cordova
|
0-0: Ground out 3-1 (Groundball, 34, EV 98.8 MPH)
|
|
Batting: RHB Kenzo Shinoda
|
0-0: Foul Ball, location: 2F 0-1: Ball 1-1: Called Strike 1-2: Strikes out looking
|
| Top of the 6th over - 0 runs, 0 hits, 0 errors, 0 left on base; Mahoning Valley 0 - Aberdeen 3 |
| BOTTOM OF THE 6TH |
|
Aberdeen Ironbirds batting - Pitching for Mahoning Valley Scrappers : RHP Bill Snyder
|
|
Batting: RHB Luis Tovar
|
0-0: Ball 1-0: Foul Ball, location: 2F 1-1: Ball 2-1: Foul Ball, location: 2F 2-2: Foul Ball, location: 2F 2-2: Foul Ball, location: 2F 2-2: Ground out 6-3 (Groundball, 6S, EV 91.2 MPH)
|
|
Pitching: RHP Chris Cohen
|
|
|
Batting: RHB Matt Berrier
|
0-0: SINGLE (Groundball, 56D, EV 96.2 MPH)
|
|
Batting: RHB Tony Godley
|
0-0: Ball Matt Berrier steals 2nd base 1-0: Ball 2-0: SINGLE (Flyball, 4D, EV 83.1 MPH) Matt Berrier to third
|
|
Batting: RHB Ben Sutton
|
0-0: Ball Tony Godley steals 2nd base 1-0: Ball 2-0: Called Strike 2-1: Foul Ball, location: 2F 2-2: Foul Ball, location: 2F 2-2: 3-RUN HOME RUN (Flyball, 7LD, EV 97.5 MPH), Distance : 368 ft
|
|
Batting: RHB Daniel Jackson
|
0-0: Ball 1-0: Ball 2-0: Fly out, F3 (Popup, 3SF, EV 71.9 MPH)
|
|
Batting: RHB Matt O'Dea
|
0-0: Called Strike 0-1: Swinging Strike 0-2: Ball 1-2: SINGLE (Line Drive, 7S, EV 104.4 MPH)
|
|
Batting: RHB Dave Perron
|
0-0: Called Strike 0-1: Called Strike 0-2: Ball 1-2: Ball 2-2: Ball 3-2: Strikes out swinging
|
| Bottom of the 6th over - 3 runs, 4 hits, 0 errors, 1 left on base; Mahoning Valley 0 - Aberdeen 6 |
| TOP OF THE 7TH |
|
Mahoning Valley Scrappers batting - Pitching for Aberdeen Ironbirds : LHP Luis Perez
|
|
Batting: RHB John Bianconi
|
0-0: Called Strike 0-1: Ball 1-1: Fly out, F6 (Flyball, 56D, EV 93.8 MPH)
|
|
Batting: RHB Andy Lewis
|
0-0: Ball 1-0: Called Strike 1-1: DOUBLE (Flyball, 78D, EV 105.0 MPH)
|
|
Batting: LHB Jeff Palmowski
|
0-0: Called Strike 0-1: Ball 1-1: Foul Ball, location: 2F 1-2: SINGLE (Groundball, 34D, EV 103.1 MPH) Andy Lewis to third Runner from 3rd tries for Home, SAFE, throw by RF to home
|
|
Batting: RHB Ricky Cordova
|
0-0: Called Strike 0-1: Called Strike 0-2: Foul Ball, location: 2F 0-2: Strikes out swinging
|
|
Batting: SHB Travis Burnett
|
0-0: Ball 1-0: Ball 2-0: Ball 3-0: Called Strike 3-1: Base on Balls Jeff Palmowski to second
|
|
Batting: RHB Luis Roman
|
0-0: Foul Ball, location: 2F 0-1: Ball 1-1: Foul Ball, location: 2F 1-2: Strikes out swinging
|
| Top of the 7th over - 1 run, 2 hits, 0 errors, 2 left on base; Mahoning Valley 1 - Aberdeen 6 |
| BOTTOM OF THE 7TH |
|
Aberdeen Ironbirds batting - Pitching for Mahoning Valley Scrappers : RHP Chris Cohen
|
|
Batting: RHB Danny Baeza
|
0-0: Foul Ball, location: 2F 0-1: Ball 1-1: Ball 2-1: Ball 3-1: Base on Balls
|
|
Batting: RHB Ray Sims
|
0-0: Ball Danny Baeza steals 2nd base 1-0: Ball 2-0: Ball 3-0: Called Strike 3-1: Foul Ball, location: 2F 3-2: Base on Balls
|
|
Batting: RHB Luis Tovar
|
0-0: Ball 1-0: SINGLE (Groundball, 56D, EV 101.9 MPH) Danny Baeza to third Ray Sims to second
|
|
Batting: RHB Matt Berrier
|
0-0: Ball 1-0: Fly out, F9 (Flyball, 9, EV 92.5 MPH) Runner from 3rd tags up, SCORES, throw by RF Ray Sims to third
|
|
Batting: RHB Tony Godley
|
0-0: Foul Ball, location: 2F 0-1: Ball 1-1: Fielders Choice at 2nd, 1-6 (Groundball, 13, EV 71.2 MPH)
|
|
Batting: RHB Ben Sutton
|
0-0: Ball 1-0: Ball 2-0: Called Strike 2-1: Foul Ball, location: 2F 2-2: Fly out, F9 (Flyball, 9S, EV 83.8 MPH)
|
| Bottom of the 7th over - 1 run, 1 hit, 0 errors, 2 left on base; Mahoning Valley 1 - Aberdeen 7 |
| TOP OF THE 8TH |
|
Mahoning Valley Scrappers batting - Pitching for Aberdeen Ironbirds : LHP Luis Perez
|
|
Batting: RHB Anibal Casteles
|
0-0: Called Strike 0-1: Foul Ball, location: 2F 0-2: Hit by Pitch
|
|
Batting: LHB Esteban Cordova
|
0-0: Ball 1-0: Ball 2-0: Foul Ball, location: 2F 2-1: Fly out, F7 (Flyball, 78D, EV 103.1 MPH)
|
|
Batting: RHB Kenzo Shinoda
|
0-0: Swinging Strike 0-1: SINGLE (Flyball, 5D, EV 91.2 MPH) Anibal Casteles to second
|
|
Batting: RHB John Bianconi
|
0-0: Ball 1-0: Called Strike 1-1: Ball 2-1: Ball 3-1: Foul Ball, location: 2F 3-2: Fly out, F6 (Line Drive, 6, EV 64.4 MPH)
|
|
Pitching: RHP Fabiano Ceriani
|
|
|
Pinch Hitting: LHB Chris Morgan
|
0-0: Foul Ball, location: 2F 0-1: Ball Passed Ball! Anibal Casteles to third Kenzo Shinoda to second 1-1: Ball Wild Pitch! Anibal Casteles scores Kenzo Shinoda to third 2-1: Fly out, F4 (Line Drive, 4, EV 63.8 MPH)
|
| Top of the 8th over - 1 run, 1 hit, 0 errors, 1 left on base; Mahoning Valley 2 - Aberdeen 7 |
| BOTTOM OF THE 8TH |
|
Aberdeen Ironbirds batting - Pitching for Mahoning Valley Scrappers : RHP Chris Cohen
|
|
Now at 2B: Ighlas Mwara
|
|
|
Batting: RHB Daniel Jackson
|
0-0: Ball 1-0: Foul Ball, location: 2F 1-1: Swinging Strike 1-2: Foul Ball, location: 2F 1-2: DOUBLE (Line Drive, 9LS, EV 106.9 MPH)
|
|
Batting: RHB Matt O'Dea
|
0-0: Called Strike 0-1: Foul Ball, location: 2F 0-2: Strikes out swinging
|
|
Batting: RHB Dave Perron
|
0-0: Foul Ball, location: 2F 0-1: Ball 1-1: Ball 2-1: DOUBLE (Groundball, 3L, EV 106.2 MPH) Daniel Jackson scores
|
|
Batting: RHB Danny Baeza
|
0-0: SINGLE (Groundball, 4M, EV 86.2 MPH) (infield hit) Dave Perron to third
|
|
Batting: RHB Ray Sims
|
0-0: Called Strike 0-1: Ball 1-1: Swinging Strike 1-2: Ball 2-2: DOUBLE (Flyball, 78XD, EV 112.5 MPH) Dave Perron scores Danny Baeza to third Runner from 3rd tries for Home, SAFE, throw by LF to trailing runner, SAFE at third!
|
|
Pitching: LHP Alec Valencia
|
|
|
Batting: RHB Luis Tovar
|
0-0: Ball 1-0: Foul Ball, location: 2F 1-1: Ball 2-1: Swinging Strike 2-2: Strikes out swinging
|
|
Pinch Hitting: LHB Adam Oldfield
|
0-0: Ball 1-0: Foul Ball, location: 2F 1-1: Swinging Strike 1-2: Strikes out swinging
|
| Bottom of the 8th over - 3 runs, 4 hits, 0 errors, 1 left on base; Mahoning Valley 2 - Aberdeen 10 |
| TOP OF THE 9TH |
|
Mahoning Valley Scrappers batting - Pitching for Aberdeen Ironbirds : RHP Fabiano Ceriani
|
|
Now at SS: Adam Oldfield
|
|
|
Pinch Hitting: LHB Ubbe de Bruin
|
0-0: Ball 1-0: Foul Ball, location: 2F 1-1: Ball 2-1: Foul Ball, location: 2F 2-2: Strikes out looking
|
|
Batting: RHB Ricky Cordova
|
0-0: Called Strike 0-1: Swinging Strike 0-2: Ball 1-2: Ball 2-2: Ball 3-2: Strikes out swinging
|
|
Batting: SHB Travis Burnett
|
0-0: Ball 1-0: Called Strike 1-1: Called Strike 1-2: Ball 2-2: Ball 3-2: Foul Ball, location: 2F 3-2: Strikes out swinging
|
| Top of the 9th over - 0 runs, 0 hits, 0 errors, 0 left on base; Mahoning Valley 2 - Aberdeen 10 |
|